cohdb
Replays
Latest Replays
All Replays
Popular Replays
Top Player Replays
Match Explorer
How It Works
Community
CoH3 Stats
Reddit
Sign in to upload your games and track your stats! →
Sign in with Steam
Match 44018105
Unlisted
Match 44018105
Overview
Messages
Build Orders
End
Vickers Machine Gun Team
Construct Section Command Post
Infantry Section
Infantry Section
Infantry Section
Construct Platoon Command Post
Royal Engineer Section
Grenade Package
Unlock M3 Stuart Light Tanks
M3 Stuart Light Tank
Selects Heavy Armor Battlegroup
Selects Rigorous Vehicle Training
Selects Forward Repair Assembly
Selects Light Vehicle Withdraw and Refit
6-pounder Anti-tank Gun Team
CMP 15cwt Truck
Forward Retreat Point
Infantry Training
Selects Radio Net
Royal Engineer Section
Selects Recon Artillery
Infantry Section
Recon Artillery
Construct Company Command Post
Selects UNKNOWN (2162094)
Recon Artillery
Churchill IV Heavy Tank
Foot Guards Section
Royal Engineer Section
Churchill IV Heavy Tank
Churchill IV Heavy Tank
Recon Artillery
Armored Vehicle Training
Churchill IV Heavy Tank
Recon Artillery
Boxman343
Peetybird5000
DrewP
Dillbro
0
0
Comments
sign in to comment!
No comments posted yet!